 Dungeon Crawl Stone Soup version 0.15-a0-183-gc0cdb55 (webtiles) character file.

295 PolkaDot the Vexing (level 5, -2/35 HPs)
             Began as a Vampire Enchanter on Apr 20, 2014.
             Slain by a sky beast (6 damage)
             ... on Level 3 of the Dungeon.
             The game lasted 00:09:14 (3091 turns).

PolkaDot the Vexing (Vampire Enchanter)             Turns: 3091, Time: 00:09:15

HP  -2/35        AC  4     Str  7      XL: 5   Next: 26%
MP   9/11        EV 12     Int 17      God:
Gold 124         SH  0     Dex 15      Spells:  4 memorised,  2 levels left

rFire  . . .     SeeInvis +     a - +1 dagger
rCold  + + .     Clarity  .     b - +1 robe
rNeg   + + +     Conserve .     (no shield)
rPois  +         rCorr    .     (no helmet)
rElec  .         rRot     +     (no cloak)
SustAb . .       Spirit   .     g - +0 pair of gloves
rMut   .         Warding  +     (no boots)
Saprov . . .     Stasis   .     m - amulet of warding {unknown}
MR     .....                    (no ring)
                                (no ring)

@: regenerating slowly, not resistant to hostile enchantments, quite stealthy
A: fangs 3, see invisible, unbreathing
a: Bat Form


You were on level 3 of the Dungeon.
You were near bloodless.

You visited 1 branch of the dungeon, and saw 3 of its levels.

You collected 124 gold pieces.

Inventory:

Hand weapons
 a - a +1,+1 dagger (weapon)
Missiles
 d - 12 darts (quivered)
Armour
 b - a +1 robe (worn)
 g - a +0 pair of gloves (worn)
Scrolls
 e - a scroll of remove curse {unknown}
 h - 2 scrolls of amnesia {unknown}
 j - a scroll of enchant weapon II {unknown}
 k - 3 scrolls of identify {unknown}
 l - a scroll of random uselessness {unknown}
 o - a scroll of teleportation {unknown}
 r - a scroll of noise {unknown}
Jewellery
 m - an amulet of warding (around neck) {unknown}
Potions
 f - a potion of lignification
 i - 3 potions of curing
 n - a potion of invisibility {unknown}
 p - a potion of heal wounds
 q - a potion of confusion {unknown}
Books
 c - a book of Maledictions

   Spells                             Type                      Level
   *Corona                            Hexes                        1
   *Sure Blade                        Hexes/Charms                 2
   *Ensorcelled Hibernation           Hexes/Ice                    2
   *Confuse                           Hexes                        3
   Dazzling Spray                     Conjuration/Hexes            3
   Enslavement                        Hexes                        4


   Skills:
 - Level 2.0 Short Blades
 - Level 0.7 Throwing
 - Level 2.1 Dodging
 - Level 4.2 Stealth
 * Level 3.2 Spellcasting
 + Level 6.7 Hexes


You had 2 spell levels left.
You knew the following spells:

 Your Spells              Type           Power        Failure   Level  Hunger
a - Corona                Hex            ####...      1%          1    None
b - Sure Blade            Hex/Chrm       ##........   10%         2    ##.....
c - Confuse               Hex            ####....     3%          3    ###....
d - Ensorcelled Hibernat  Hex/Ice        ##....       10%         2    ##.....


Dungeon Overview and Level Annotations

Branches:
Dungeon (3/15)

Altars:
Trog


Innate Abilities, Weirdness & Mutations

You heal slowly.
You have razor-sharp teeth.*
You have supernaturally acute eyesight.
You can survive without breathing.*


Message History

The helpless sky beast fails to defend itself.
You slice the sky beast!! You bite the sky beast.
The sky beast is almost dead.
The sky beast hits you. The sky beast shocks you!
You completely miss the sky beast.
The sky beast is almost dead.
The sky beast barely misses you.
You hit the sky beast.
The sky beast is almost dead.
The sky beast hits you. The sky beast shocks you.
You barely miss the sky beast. Your bite misses the sky beast.
The sky beast is almost dead.
The sky beast hits you. The sky beast shocks you!
* * * LOW HITPOINT WARNING * * *
You barely miss the sky beast.
The sky beast is almost dead.
The sky beast hits you.
* * * LOW HITPOINT WARNING * * *
The sky beast shocks you!
You die...

##############
#.I@...#.....#
##+####.#.#####.#
#.....#.#.......#
#.....#...########
#.....###.........
##
#.....'.>.........
+.
#.....##.........
##
#.....##.........
#.....##......###
#


You could see a sky beast.

Vanquished Creatures
  6 adders
  4 gnolls
  A worm (D:3)
  7 bats
  10 hobgoblins
  2 quokkas
  2 giant cockroaches
  3 giant geckos
  4 giant newts
  11 goblins
  7 jackals
  6 kobolds
  5 rats
68 creatures vanquished.

Notes
Turn   | Place    | Note
--------------------------------------------------------------
     0 | D:1      | PolkaDot, the Vampire Enchanter, began the quest for the Orb.
     0 | D:1      | Reached XP level 1. HP: 13/13 MP: 3/3
   536 | D:1      | Reached XP level 2. HP: 19/19 MP: 4/4
   623 | D:1      | Reached skill level 5 in Hexes
   630 | D:1      | Learned a level 2 spell: Ensorcelled Hibernation
   633 | D:1      | Learned a level 2 spell: Sure Blade
  1109 | D:1      | Reached XP level 3. HP: 24/24 MP: 3/6
  1675 | D:2      | Reached skill level 6 in Hexes
  1731 | D:2      | Reached XP level 4. HP: 28/30 MP: 4/7
  2557 | D:3      | Reached XP level 5. HP: 35/35 MP: 7/10
  2623 | D:3      | Found a bloodstained altar of Trog.
  2960 | D:3      | Learned a level 3 spell: Confuse
  3081 | D:3      | Noticed a sky beast
  3091 | D:3      | Slain by a sky beast

Action                   |  1- 3 |  4- 6 || total
-------------------------+-------+-------++-------
Melee: Dagger            |    91 |    82 ||   173
 Cast: Corona            |     3 |       ||     3
       Ensorcelled Hiber |    17 |    26 ||    43
  Use: Potion            |     6 |       ||     6
 Stab: Sleeping          |    19 |    23 ||    42
